AoeStats
← quentin.messager.cm

Black Forest

504684658Analyzed
3v3 RM · 28d ago on Sep 6, 2026· 22m 53s· 6 players
Game mode
Random Map
Map size
Normal (6 player)
Population
200
Speed
Normal
Resources
Standard
Victory
Conquest
Starting age
Dark Age
Ending age
Imperial Age
RankedLock teamsTeams togetherTeam positionsShared explorationLock speedFull tech treeHidden civsTurbo modeCheats
Victory
Defeat
🇦🇷 Khmer · Argentina
905
+16
🇦🇷 Portuguese · Argentina
897
+16
🇦🇷 Mongols · Argentina
865
+18
🇫🇷 Mongols · France
923
-17
920
-17
🇨🇳 Bohemians · China
876
-16
quentin.messager.cm
10:32 Feudal Age
11:10 Town Watch
13:09 Horse Collar
21:35 Castle Age
20:22 Padded Archer Armor
20:13 Fletching
20:29 Scale Barding Armor
21:41 Crossbowman
lty20000612
10:01 Loom
11:52 Feudal Age
18:58 Castle Age
Gorda q veo Gorda que pateo
3:21 Loom
12:44 Feudal Age
13:49 Double-Bit Axe
13:51 Horse Collar
19:30 Castle Age
22:00 Bow Saw
Santy20
2:57 Loom
12:57 Feudal Age
17:01 Castle Age
Wado
1:20 Loom
14:36 Feudal Age
18:56 Castle Age
19:07 Horse Collar
19:16 Double-Bit Axe
22:33 Heavy Plow
Goku Feudal
7:00 Loom
11:13 Feudal Age
15:42 Castle Age
Connection lost

Rejoining the realm…

Still unreachable

The connection could not be restored.

Session expired

The server has moved on; the page needs a fresh start.